Unix NetHack Version 3.7.0-58 Work-in-progress - last build May 9 2022 01:57:28 (68cf6e19034123fb635188453c0de67a0aba65fd,branch:master). Game began 2022-05-15 11:04:48, ended 2022-05-15 11:39:40. spontiff, neutral male gnomish Healer ----- ----...-- -----.......| |.|.G>......------- |...............@... --......--..h.rr---- |......||....oZ.-- ---- |.--...---......)---..| |.|---................| |.| ---.............-- |.| --............| ----.| --- |.|.|...--.--- .....|--.----|.|-..|--- ---..--...| |.---.---- ........-----..||....-- |...............||-....| --......---------|*...-- |.......| --...| |..|.---- ----- ------ Spontiff the Rhizotomist St:8 Dx:8 Co:17 In:10 Wi:16 Ch:16 Neutral S:400 Dlvl:8 $:1680 HP:0(39) Pw:5(5) AC:0 Xp:1/0 T:3046 Fainted Deaf Latest messages: Your lamp is now on. The kobold zombie misses! The bugbear hits! The kobold zombie hits! The gecko bites! The giant rat misses! The giant rat bites! You see here a splint mail. A little dart shoots out at you! You are hit by a little dart. e - an iron ring. You hear crashing rock. The giant rat misses! The giant rat bites! The grid bug misses! You are beginning to feel weak. The giant rat bites! The grid bug bites! You get zapped! You hear crashing rock. Pick an object. The rabid rat misses! The rabid rat bites! The rabid rat bites! The grid bug misses! The rabid rat misses! The rabid rat misses! The giant rat bites! The giant rat bites! The grid bug bites! The giant rat misses! The rabid rat just misses! The giant rat misses! The rabid rat bites! The newt bites! The goblin throws a poisoned dart! A poisoned dart misses you. The rabid rat misses! The grid bug bites! You get zapped! The goblin throws a dart! A dart misses you. The giant rat triggers a trap but nothing happens. You faint from lack of food. The rabid rat bites! The goblin misses the kobold zombie. The rabid rat bites! You die... Do you want your possessions identified? [ynq] (y) y Do you want to see the dungeon overview? [ynq] (y) y Major events: Turn 1: spontiff the neutral male gnomish Healer entered the dungeon 1438: entered the Gnomish Mines 3046: killed by a rabid rat, while fainted from lack of food Inventory: Coins $ - 1680 gold pieces Weapons W - an uncursed +0 dart Armor h - an uncursed +1 dwarvish iron helm (being worn) g - an uncursed +1 pair of leather gloves (being worn) v - an uncursed +0 pair of iron shoes (being worn) q - an uncursed +0 alchemy smock with text "Gehennom's Kitchen" (being worn) r - an uncursed +0 dwarvish cloak J - an uncursed +0 dwarvish cloak Q - an uncursed +0 dwarvish cloak R - an uncursed +0 dwarvish cloak X - an uncursed +0 dwarvish cloak d - an uncursed +0 leather armor (being worn) Comestibles y - an uncursed apple p - an uncursed tripe ration Scrolls U - an uncursed scroll of confuse monster C - an uncursed scroll of identify A - an uncursed scroll of teleportation Spellbooks M - an uncursed spellbook of cancellation D - an uncursed spellbook of cone of cold Potions N - a blessed potion of gain energy c - a blessed potion of healing Y - an uncursed potion of monster detection Z - a cursed potion of object detection j - an uncursed potion of sickness Rings e - an uncursed -3 ring of adornment Wands S - an uncursed wand of sleep (0:4) Tools z - an uncursed leash x - an uncursed oil lamp (lit) k - an uncursed skeleton key s - an uncursed stethoscope o - an uncursed tin whistle Gems/Stones a - an uncursed amber stone E - an uncursed diamond H - 2 uncursed fluorite stones w - 2 uncursed worthless pieces of green glass L - an uncursed worthless piece of green glass V - an uncursed worthless piece of yellow glass l - an uncursed flint stone Spontiff the Healer's attributes: Background: You were a Rhizotomist, a level 1 male gnomish Healer. You were neutral, on a mission for Hermes who was opposed by Athena (lawful) and Poseidon (chaotic). You were in the Gnomish Mines, on level 8. You entered the dungeon 3046 turns ago. There was a full moon in effect when your adventure ended. You had 0 experience points, 20 were needed to attain level 2. Your score was 400 before end-of-game adjustments. Basics: You had 0 out of 39 hit points. You had all 5 energy points (spell power). Your armor class was 0. Your wallet contained 1680 zorkmids. Autopickup was on for '$!/="?' plus thrown, with exceptions. Final Characteristics: Your strength was 8 (base:9, limit:18/50). Your dexterity was 8 (limit:18). Your constitution was 17 (limit:18). Your intelligence was 10 (limit:19). Your wisdom was 16 (limit:18). Your charisma was 16 (limit:18). Final Status: You were deaf. You were fainted due to starvation. You were unencumbered. You were empty handed. You were unskilled in bare handed combat. Final Attributes: You were devoutly aligned. You were poison resistant. You were acid resistant. Your items were protected from acid. You had infravision. You were warded. You were lucky. You are dead. Miscellaneous: You encountered 1 bones level. Total elapsed playing time was 34 minutes and 52 seconds. Vanquished creatures: a gnome leader 5 dwarves a kobold leader 3 iguanas 2 coyotes a gas spore 5 hobbits a hobgoblin 2 giant rats 2 brown molds 6 gnomes 2 garter snakes 2 gnome zombies 4 geckos 6 jackals a kobold 2 goblins 5 sewer rats 4 grid bugs 7 lichens 7 newts 69 creatures vanquished. No species were genocided or became extinct. Voluntary challenges: You never hit with a wielded weapon. You were a pacifist. You were illiterate. You never engraved Elbereth. You never genocided any monsters. You never polymorphed an object. You never changed form. You used no wishes. Achievement: You entered the Gnomish Mines. The Dungeons of Doom: levels 1 to 4 Level 1: A grave. Level 2: An altar to Hermes, some fountains. Level 3: Stairs down to The Gnomish Mines. Level 4: The Gnomish Mines: levels 4 to 9 Level 4: Level 5: Level 6: Level 7: "Minetown Bones" Final resting place for rustyspoon-Wiz-Elf-Fem-Cha, killed by a rabid rat. Level 8: <- You were here. Final resting place for you, killed by a rabid rat, while fainted from lack of food. Level 9: Game over: ---------- / \ / REST \ / IN \ / PEACE \ / \ | spontiff | | 1680 Au | | killed by a | | rabid rat | | | | | | 2022 | *| * * * | * _________)/\\_//(\/(/\)/\//\/|_)_______ Goodbye spontiff the Healer... You died in The Gnomish Mines on dungeon level 8 with 400 points, and 1680 pieces of gold, after 3046 moves. You were level 1 with a maximum of 39 hit points when you died.